 Dungeon Crawl Stone Soup version 0.18.1-50-g88ac8fd (webtiles) character file.

64 Amnesiac the Ducker (level 3, 0/22 HPs)
             Began as a Deep Elf Fighter on Feb 28, 2018.
             Slain by a hound (4 damage)
             ... on level 4 of the Dungeon.
             The game lasted 00:01:03 (409 turns).

Amnesiac the Ducker (Deep Elf Fighter)               Turns: 409, Time: 00:01:05

Health: 0/22       AC:  7    Str: 14    XL:     3   Next: 91%
Magic:  5/5        EV:  8    Int: 12    God:
Gold:   27         SH:  8    Dex: 14    Spells: 0 memorised, 2 levels left

rFire  . . .     SeeInvis .     a - +0 rapier
rCold  . . .     Gourm    .     b - +0 scale mail
rNeg   . . .     Faith    .     c - +0 shield
rPois  .         Spirit   .     j - +0 helmet
rElec  .         Dismiss  .     (no cloak)
rCorr  .         Reflect  .     (no gloves)
SustAt .         Harm     .     (no boots)
MR     .....                    (no amulet)
Stlth  ..........               (no ring)
                                (no ring)

@: not resistant to hostile enchantments, extremely unstealthy
A: no striking features
a: no special abilities


You were on level 4 of the Dungeon.
You were not hungry.

You visited 1 branch of the dungeon, and saw 4 of its levels.

You collected 27 gold pieces.

Inventory:

Hand Weapons
 a - a +0 rapier (weapon)
Missiles
 g - 17 stones (quivered)
Armour
 b - a +0 scale mail (worn)
 c - a +0 shield (worn)
 j - a +0 helmet (worn)
Jewellery
 i - an uncursed amulet of regeneration {unknown}
Scrolls
 h - a scroll of remove curse {!r, unknown}
Potions
 e - a potion of curing {!q, unknown}
Comestibles
 d - a chunk of flesh
 f - a bread ration


   Skills:
 - Level 2.4 Fighting
 - Level 2.0 Short Blades
 - Level 2.4 Armour
 + Level 4.3 Dodging
 - Level 2.4 Shields


You had 2 spell levels left.
You didn't know any spells.

Dungeon Overview and Level Annotations

Branches:
Dungeon (4/15)
 Temple: D:4-7

Altars:


Message History

Your shield and scale mail prevent you from hitting the orc.
The orc hits you but does no damage. The orc barely misses you.
You puncture the orc!
You kill the orc!
The orc throws a tomahawk.
The tomahawk hits you but does no damage.
You puncture the orc!
You kill the orc!
The orc throws a tomahawk.
The tomahawk barely misses you.
The orc throws a tomahawk.
You block the tomahawk. The orc closely misses you.
Things that are here:
a club; a leather armour; a dagger You barely miss the orc.
You block the orc's attack.
You barely miss the orc. The orc barely misses you.
You puncture the orc!
You kill the orc!
No target in view!
No target in view!
Items here: ( ) [[ † 2 tomahawks; a leather armour; a dagger; a robe; an orc corpse
Found a stone staircase leading down.
You see here 17 stones.
g - 17 stones Search for what [? for help]? sto Search for what [Enter for "sto", or ? for help]? bul Can't find anything matching that.
Unknown command.
You feel a little less mighty now.
A hound comes into view.
The hound barks!
An orc wizard comes into view. It is wielding a dagger.
There are monsters nearby!
The hound pauses to sniff the ground.
An orc comes into view. It is wielding a dagger.
You block the hound's attack. The hound bites you.
You block the hound's attack.
There is a stone staircase leading down here.
You block the hound's attack.
Your shield prevents you from hitting the hound.
The hound completely misses you.
You closely miss the hound. The hound bites you. You block the hound's attack.
You hit the hound.
The hound is moderately wounded.
The hound bites you. You block the hound's attack.
You hit the hound.
The hound is severely wounded.
The hound closely misses you. The hound barely misses you.
You closely miss the hound.
The hound is severely wounded.
The hound closely misses you. The hound bites you.
* * * LOW HITPOINT WARNING * * *
You closely miss the hound.
The hound is severely wounded.
The hound closely misses you. The hound bites you.
* * * LOW HITPOINT WARNING * * *
You are too injured to fight recklessly!
You are too injured to fight recklessly!
You are too injured to fight recklessly!
You hit the hound.
The hound is almost dead.
The hound bites you.
You die...

#.##.###.#.#
###########........#.#
#............#.#####.#
#............#.# #.#
#............+.# #.#####
#............#######.#...#
###...............##.#.#.##
#..####.h#>..............
#(......@#.............##
#)####...#.#.##...####.#
#(##.#..<#.#.........#.#
#.##.#.###.######....#.#
#.##.....#.# #....#h#
#(...##.##.# #....#.#
###### +##.# #....#.. ..
#.....o #.......


You could see a hound.

Vanquished Creatures
  An orc wizard (D:4)
  2 adders
  A dart slug (D:1)
  3 orcs (D:4)
  A giant cockroach (D:1)
  A goblin (D:2)
  2 hobgoblins (D:1)
  A kobold (D:1)
  3 rats
15 creatures vanquished.

Notes
Turn   | Place    | Note
--------------------------------------------------------------
     0 | D:1      | Amnesiac the Deep Elf Fighter began the quest for the Orb.
     0 | D:1      | Reached XP level 1. HP: 13/13 MP: 3/3
    94 | D:1      | Reached skill level 1 in Dodging
   229 | D:1      | Reached skill level 2 in Dodging
   229 | D:1      | Reached XP level 2. HP: 15/18 MP: 4/4
   327 | D:3      | Reached skill level 3 in Dodging
   327 | D:3      | Reached XP level 3. HP: 22/22 MP: 5/5
   349 | D:4      | Reached skill level 4 in Dodging
   409 | D:4      | Slain by a hound

Skill      XL: |  1  2  3 |
---------------+----------+-----
Dodging        | 2 3 4 |  4.3
Fighting       | |  2.4
Short Blades   | |  2.0
Armour         | |  2.4
Shields        | |  2.4

Action                   || total
-------------------------++-------
Melee: Rapier            ||    60
  Use: Potion            ||     1
Armor: Scale mail        ||    20
Dodge: Dodged            ||    21
Block: Shield            ||    26
